 Dungeon Sprint DCSS version 0.31-a0-675-g238779eb0a (webtiles) character file.

Game seed: 3207423983172516716

991 sircluck the Grappler (level 7, -1/124 HPs)
             Began as a Troll Berserker on Sept 5, 2023.
             Was a High Priest of Trog.
             Slain by a tentacle (4 damage)
             ... attached to a kraken
             ... in the Dungeon (Sprint II: "The Violet Keep of Menkaure").
             The game lasted 00:02:33 (312 turns).

sircluck the Grappler (Troll Berserker)              Turns: 312, Time: 00:02:33

Health: -1/124     AC:  4    Str: 28    XL:     7   Next: 98%
Magic:  6/6        EV: 12    Int:  3    God:    Trog [*****.]
Gold:   797        SH:  0    Dex:  9    Spells: 6/6 levels left

rFire   . .          .
                       - Unarmed
rCold   . . .        (no shield)
rNeg    . . .        a - +0 animal skin
rPois   .            (helmet restricted)
rElec   .            (no cloak)
rCorr   .            (gloves unavailable)
SInv    .            (boots unavailable)
Will    .....        (no amulet) Stlth
                     h - ring of flight
HPRegen 1.20/turn    (no ring)
MPRegen 0.10/turn

%: no teleportation
@: berserking (expiring), flying, very quick
A: large, unfitting armour, claws 3, regeneration 1, shaggy fur 1, tough skin 1
a: Renounce Religion, Berserk, Trog's Hand, Brothers in Arms


You were in the Dungeon.
You worshipped Trog.
Trog was extremely pleased with you.
You visited 1 branch You collected 972 gold pieces.
You spent 175 gold pieces at shops.

Inventory:

Armour
 a - a +0 animal skin (worn)
Jewellery
 h - a ring of flight (left claw)
Scrolls
 g - a scroll of blinking
Potions
 b - a potion of curing
 c - a potion of heal wounds
 d - a potion of haste
 e - 2 potions of magic
 f - a potion of berserk rage


   Skills:
 + Level 9.0 Fighting
 + Level 8.9 Dodging
 + Level 10.5 Unarmed Combat


You had 6 spell levels left.
You didn't know any spells.
Your spell library was empty.

Dungeon Overview and Level Annotations

Branches:
Dungeon (1/1)

Altars:
Cheibriados
Dithmenos
Elyvilon
Fedhas
Gozag
Kikubaaqudgha
Makhleb
Nemelex Xobeh
Okawaru
Sif Muna
Trog
Uskayaw
Vehumet
Xom
Yredelemnul
Zin
Jiyva
Lugonu

Shops:
D ![:?:[=[[:(!=*(

Annotations:
D exclusions: ice statue and oklob plant, Roxanne


Innate Abilities, Weirdness & Mutations

You are too large for most types of armour.
You have claws for hands.
Your natural rate of healing is unusually fast.
You are covered in fur. (AC +1)
You have tough skin. (AC +1)


Message History

You scratch the tentacle.
The tentacle is lightly wounded.
The tentacle slaps you!
You mangle the tentacle!!
The tentacle is severely wounded.
The tentacle slaps you!!
You barely miss the tentacle. Your claw misses the tentacle.
The tentacle is severely wounded.
The tentacle slaps you but does no damage.
You mangle the tentacle!!
You kill the tentacle!
Unknown command.
A tentacle rises from the water!
The tentacle misses you.
You mangle the tentacle!!
The tentacle is heavily wounded.
The tentacle slaps you!!
You eviscerate the tentacle!!!
You kill the tentacle!
The tentacle barely misses you.
You scratch the tentacle.
The tentacle is lightly wounded.
The tentacle slaps you!
You mangle the tentacle!!
The tentacle is almost dead.
A tentacle rises from the water!
The tentacle slaps you!!
* * * LOW HITPOINT WARNING * * *
You scratch the tentacle.
The tentacle is almost dead.
You claw the tentacle!
You kill the tentacle!
The tentacle slaps you!
* * * LOW HITPOINT WARNING * * *
You barely miss the tentacle. The tentacle closely misses you.
You barely miss the tentacle. The tentacle barely misses you.
You barely miss the tentacle. The tentacle slaps you!!
* * * LOW HITPOINT WARNING * * *
You scratch the tentacle.
The tentacle is lightly wounded.
The tentacle slaps you.
You die...

+.### )▓)??[$$$$▓▓ ...#
#▓(!$?[!(!▓▓ #..#
#▓$:$$?(!$▓▓ +..#
#▓$)!)[??)▓▓ #..#
#▓!$"!$?(?▓▓
###..####▓?(!()?:$▓▓
.###.^.##▓▓▓▓▓▓▓+▓▓▓▓+▓
...~~~~~~~~~~~~~@w─X≈≈▓
...~#+########+###w≈w≈▓
~..~#_._.....#S~§# ≈≈≈▓
~~.~#._._....#§S≈≈# ##▓
~~~~#_._._...#~§~~≈#
§~~~#._._._..#§§~≈≈≈
≈≈≈~#_._._._.#~§~~~§
##≈≈#._._._._#~§§~§§
≈§#.._.


You could see a kraken and 3 tentacles.

Vanquished Creatures
  2 wyverns (D)
  Menkaure (D)
  A water moccasin (D)
  4 necrophages (D)
  5 scorpions (D)
  3 worms (D)
  3 tentacles (D)
19 creatures vanquished.

Notes
Turn   | Place    | Note
-------+----------+-------------------------------------------
     0 | D        | sircluck the Troll Berserker began the quest for the Orb.
     0 | D        | Reached XP level 1. HP: 22/22 MP: 0/0
     3 | D        | Noticed a scorpion
     3 | D        | Noticed a scorpion
     3 | D        | Noticed a scorpion
     3 | D        | Noticed a scorpion
     8 | D        | Killed a scorpion
     9 | D        | Reached skill level 5 in Unarmed Combat
     9 | D        | Reached XP level 2. HP: 33/33 MP: 1/1
     9 | D        | Reached XP level 3. HP: 40/40 MP: 2/2
    14 | D        | Killed a scorpion
    15 | D        | Reached skill level 5 in Fighting
    15 | D        | Reached skill level 5 in Dodging
    15 | D        | Reached skill level 6 in Unarmed Combat
    15 | D        | Reached XP level 4. HP: 50/50 MP: 3/3
    17 | D        | Killed a scorpion
    17 | D        | Reached ** piety under Trog
    18 | D        | Reached XP level 5. HP: 50/59 MP: 4/4
    21 | D        | Reached skill level 7 in Unarmed Combat
    25 | D        | Noticed an ice statue
    27 | D        | Noticed Menkaure
    31 | D        | Killed Menkaure
    32 | D        | Reached skill level 8 in Unarmed Combat
    32 | D        | Reached XP level 6. HP: 17/71 MP: 5/5
    32 | D        | Found Mohaphot's Assorted Antiques.
    32 | D        | Found Ynkec's Antique Weapon Shop.
    33 | D        | Found Omebud's Distillery.
    33 | D        | Found Dooweog's Jewellery Shop.
    35 | D        | Found Jodeorec's Antique Weapon Shop.
    37 | D        | Found Niwose Qesiy's Book Boutique.
    39 | D        | Found Qyaduus's Antique Armour Shop.
    39 | D        | Found Vecluwn's Antique Armour Boutique.
    41 | D        | Found Gugafagaa's Jewellery Shop.
    41 | D        | Found Noyloh's Armour Boutique.
    41 | D        | Noticed a manticore
    81 | D        | Reached *** piety under Trog
   103 | D        | Reached **** piety under Trog
   104 | D        | Reached skill level 9 in Unarmed Combat
   106 | D        | Reached XP level 7. HP: 52/79 MP: 6/6
   119 | D        | Noticed a wyvern
   119 | D        | Noticed a wyvern
   126 | D        | Killed a wyvern
   127 | D        | Reached skill level 10 in Unarmed Combat
   129 | D        | Killed a wyvern
   145 | D        | Reached ***** piety under Trog
   161 | D        | Found Sodurin's Book Boutique.
   161 | D        | Found Virige's Magic Scroll Shop.
   161 | D        | Noticed a manticore
   161 | D        | Noticed a manticore
   161 | D        | Noticed an oklob plant
   162 | D        | Found Fiuta's Armour Shop.
   162 | D        | Found Voonya's Book Shoppe.
   162 | D        | Found Soatrin's Distillery.
   163 | D        | Noticed a death yak
   187 | D        | Bought a ring of flight for 175 gold pieces
   222 | D        | Noticed Roxanne
   276 | D        | Found an iron altar of Okawaru.
   276 | D        | Found a radiant altar of Vehumet.
   276 | D        | Found a glowing silver altar of Zin.
   277 | D        | Found a sparkling altar of Nemelex Xobeh.
   277 | D        | Found a hide-covered altar of Uskayaw.
   278 | D        | Found an opulent altar of Gozag.
   278 | D        | Found a burning altar of Makhleb.
   278 | D        | Found a bloodstained altar of Trog.
   278 | D        | Found a basalt altar of Yredelemnul.
   279 | D        | Found a blossoming altar of Fedhas.
   279 | D        | Found a corrupted altar of Lugonu.
   279 | D        | Found a shimmering blue altar of Sif Muna.
   279 | D        | Found a shimmering altar of Xom.
   280 | D        | Found a white marble altar of Elyvilon.
   280 | D        | Found an ancient bone altar of Kikubaaqudgha.
   281 | D        | Found a shadowy altar of Dithmenos.
   281 | D        | Found a viscous altar of Jiyva.
   282 | D        | Found a snail-covered altar of Cheibriados.
   294 | D        | Noticed a kraken
   311 | D        | HP: 3/124 [tentacle[a kraken] (18)]
   312 | D        | Slain by a tentacle

Illustrated notes

Levels and vault maps discovered:
D:        the_violet_keep_of_menkaure [sprint2_stairs_cluster_1,
          sprint2_shoproom, sprint2_temple, sprint2_basic_supplies,
          sprint2_obstacle_6, sprint2_obstacle_5, sprint2_obstacle_2,
          sprint2_obstacle_3, sprint2_obstacle_7, sprint2_timed_cluster_1,
          sprint2_smallroom_cluster_1, sprint2_smallroom_final_cluster_1,
          sprint2_transparent_cluster_1, sprint2_second_timed_cluster_1,
          sprint2_sniper_area_1, sprint2_heavy_combat_area_1,
          sprint2_mutation_trap_area_1, sprint2_forest_area_1,
          sprint2_light_combat_area_1, sprint2_behind_water_1,
          sprint2_near_end_vault_1]

Skill      XL: |  1  2  3  4  5  6  7 |
---------------+----------------------+-----
Fighting       | 4 5 7 9 |  9.0
Dodging        | 4 5 7 8 |  8.9
Unarmed Combat | 5 6 8 9 10 | 10.5

Action                     |  1- 3 |  4- 6 |  7- 9 || total
---------------------------+-------+-------+-------++-------
  Melee: Unarmed           |     9 |    25 |    40 ||    74
         Punch             |       |     3 |     1 ||     4
 Invoke: Berserk           |     1 |       |     1 ||     2
 Armour: Animal skin       |     8 |    17 |    25 ||    50
  Dodge: Dodged            |     4 |    11 |    18 ||    33

Table legend: (Time is in decaauts)
 A = Elapsed time spent in this place.
 B = Non-inter-level travel time spent in this place.
 C = Inter-level travel time spent in this place.
 D = Time resting spent in this place.
 E = Time spent auto-exploring this place.
 F = Levels seen in this place.
 G = Mean time per level.
                   A        B        C        D        E       F      G
               +--------+--------+--------+--------+--------+-----+--------+
         Total |    301 |    281 |     20 |     62 |     16 |   1 |  301.0 |
       Dungeon |    301 |    281 |     20 |     62 |     16 |   1 |  301.0 |
               +--------+--------+--------+--------+--------+-----+--------+

Top non-repeatable levels by time:
       D: 301 daAuts
